Map: 毒茄樹叢 - 天梯版

Players

profork

  • Race: Terran Terran
  • League: Master
  • Spawn Location: 5:00

GosuPvPFan - Winner!

  • Race: Protoss Protoss
  • League: Diamond
  • Spawn Location: 11:00

VOD

Have the link to the VOD?

Description

Time

  • Played on: Dec. 30, 2019, 2:50 a.m.
  • Length: 11:03
Show
View Real Time Build Order
Export as new Build Order

profork Terran 

Build Orders:  

Get SALT Encoding   

  12  0:00  SCV  
  13  0:13  SCV  
  14  0:17  Supply Depot  
  14  0:25  SCV  
  15  0:39  SCV  
  15  0:40  Barracks  
  16  0:47  Refinery  
  16  0:51  SCV  
  17  1:03  SCV  
  18  1:15  SCV  
  19  1:22  Engineering Bay  
  19  1:30  Orbital Command  
  20  1:40  Reaper  
  20  1:57  SCV  
  20  1:59  Supply Depot, Refinery  
  21  2:09  SCV  
  21  2:12  Barracks Reactor  
  22  2:16  Barracks  
  22  2:21  SCV  
  23  2:34  Bunker  
  23  2:36  SCV  
  24  2:42  Factory  
  24  2:48  Marine x2, SCV  
  25  3:05  Marine, SCV  
  25  3:06  Marine  
  26  3:17  SCV  
  26  3:23  Marine x2, Barracks Tech Lab  
  26  3:26  Factory Tech Lab  
  28  3:32  SCV  
  29  3:46  Supply Depot  
  29  3:47  Marine  
  30  3:56  Marine  
  31  4:06  Starport  
  31  4:07  Siege Tank, Marine x2, SCV  
  31  4:09  Supply Depot  
  37  4:20  Marine  
  38  4:24  Supply Depot  
  38  4:25  Marine  
  38  4:30  Marine  
  38  4:31  Stimpack  
  40  4:34  Engineering Bay  
  40  4:38  Marine  
  41  4:43  Marine  
  42  4:48  Marine  
  42  4:54  SCV  
  42  4:56  Marine  
  44  5:01  Marine  
  44  5:02  Raven  
  44  5:06  Marine  
  48  5:13  SCV  
  49  5:16  Factory Tech Lab, Marine  
  49  5:18  Marine  
  51  5:25  Marine  
  51  5:27  SCV  
  52  5:29  Supply Depot  
  52  5:34  Marine  
  53  5:36  Marine  
  53  5:39  SCV  
  55  5:47  Terran Infantry Weapons Level 1  
  55  5:50  Marine, Medivac  
  55  5:52  Marine  
  59  5:58  Supply Depot  
  59  6:03  Missile Turret  
  59  6:09  Marauder  
  61  6:14  Combat Shield  
  61  6:27  Marine  
  61  6:28  Marine, Medivac  
  66  6:42  Supply Depot  
  66  6:44  Marauder  
  66  6:45  Marine  
  68  7:03  Siege Tank  
  69  7:24  SCV  
  69  7:25  Marauder, Marine x2  
  69  7:29  Medivac  
  76  7:32  Supply Depot  
  75  7:43  Marine x2  
  76  7:47  Marauder  
  78  7:53  Missile Turret  
  78  8:08  Medivac  
  78  8:09  Marine, Concussive Shells  
  78  8:10  Marine x2  
  77  8:27  Marine  
  73  8:28  Marine x2  
  58  8:54  Marauder, Marine x2  
  58  9:11  Medivac  
  58  9:14  Siege Tank, SCV  
  58  9:16  Marauder  
  66  9:17  Command Center  
  66  9:33  Missile Turret  
  66  9:39  Marauder  
  68  9:58  Orbital Command  
  68  10:04  Raven, Marine x2  
  68  10:05  Marine  
  37  10:45  Marine x2  
Show
View Real Time Build Order
Export as new Build Order

GosuPvPFan Protoss - Winner!

Build Orders: Zealot Archon 

Get SALT Encoding   

  12  0:00  Probe  
  13  0:12  Probe  
  14  0:18  Pylon  
  14  0:25  Probe (Chrono Boost)  
  15  0:37  Gateway, Probe (Chrono Boost)  
  16  0:44  Probe (Chrono Boost)  
  16  0:46  Assimilator  
  17  0:54  Pylon  
  18  0:57  Probe  
  18  1:09  Probe (Chrono Boost)  
  19  1:12  Gateway  
  19  1:21  Probe (Chrono Boost)  
  19  1:24  Cybernetics Core  
  20  1:27  Probe (Chrono Boost)  
  21  1:33  Assimilator  
  21  1:35  Probe  
  22  1:48  Probe  
  23  2:00  Probe  
  26  2:01  Stalker (Chrono Boost)  
  26  2:08  Stalker (Chrono Boost)  
  28  2:18  Pylon  
  28  2:23  Stalker  
  30  2:35  Adept  
  32  2:49  Twilight Council  
  32  2:57  Stalker  
  32  2:58  Warp Gate (Chrono Boost)  
  34  3:26  Pylon  
  34  3:32  Charge (Chrono Boost)  
  34  3:36  Nexus  
  34  3:44  Gateway  
  34  4:00  Probe  
  34  4:02  Dark Shrine, Pylon  
  35  4:41  Stalker x3  
  35  4:44  Gateway  
  41  4:52  Probe x2  
  43  5:04  Probe x2  
  45  5:07  Robotics Facility  
  45  5:16  Dark Templar x2, Probe x2  
  51  5:28  Probe x2  
  53  5:34  Assimilator  
  53  5:38  Assimilator  
  53  5:40  Probe x2  
  53  5:41  Pylon  
  53  5:52  Probe x2  
  53  5:54  Observer (Chrono Boost)  
  56  6:04  Probe x2  
  56  6:07  Gateway  
  56  6:09  Gateway  
  58  6:13  Warp Prism  
  58  6:16  Probe x2  
  62  6:20  Gateway  
  62  6:29  Gateway  
  62  6:37  Probe x2  
  64  6:46  Pylon  
  64  6:47  Pylon  
  64  6:51  Probe (Chrono Boost)  
  65  6:54  Pylon  
  65  6:56  Pylon  
  65  6:58  Probe (Chrono Boost)  
  65  7:07  Probe (Chrono Boost)  
  66  7:12  Probe (Chrono Boost)  
  63  7:18  Dark Templar x5  
  63  7:19  Dark Templar  
  63  7:23  Archon x3  
  63  7:27  Zealot x2  
  67  7:46  Dark Templar x3  
  67  7:47  Dark Templar  
  67  7:49  Zealot  
  67  7:50  Zealot  
  79  7:51  Archon  
  79  7:52  Archon  
  79  7:54  Gateway  
  79  8:05  Pylon  
  79  8:10  Zealot x3  
  85  8:14  Pylon  
  85  8:23  Probe  
  78  8:37  Zealot x5  
  78  8:38  Zealot x2  
  72  8:51  Zealot  
  66  9:01  Zealot  
  66  9:02  Zealot x6  
  76  9:08  Warp Prism (Chrono Boost)  
  64  9:23  Sentry x2  
  68  9:24  Dark Templar x2  
  68  9:25  Dark Templar  
  68  9:26  Dark Templar  
  68  9:28  Archon  
  68  9:30  Archon  
  76  9:37  Dark Templar x2  
  80  9:41  Archon  
  80  9:52  Dark Templar x2  
  82  9:57  Zealot x3  
  90  10:02  Archon  
  90  10:03  Dark Templar  
  92  10:07  Pylon  
  92  10:10  Dark Templar  
  88  10:25  Zealot x2  
  88  10:26  Zealot x3  
  84  10:36  Archon  
  84  10:54  Nexus  
  84  10:58  Zealot x3  
Tags
 
Add a new tag
Caveats
  • Supply blocks, unpowered buildings, or Contaminate may cause inaccurate times.
  • Supply counts are checked every 10 seconds.